 Dungeon Crawl Stone Soup version 0.18.1-47-g9310371 (webtiles) character file.

70 GordonOverkill the Skirmisher (level 4, 0/39 HPs)
             Began as a Human Wanderer on June 21, 2016.
             Was an Initiate of Okawaru.
             Slain by a gnoll
             ... wielding a +0 halberd
              (12 damage)
             ... on level 1 of the Dungeon.
             The game lasted 00:06:41 (2480 turns).

GordonOverkill the Skirmisher (Human Wanderer)      Turns: 2480, Time: 00:06:42

Health: 0/39       AC:  5    Str: 14    XL:     4   Next: 45%
Magic:  4/4        EV: 10    Int: 11    God:    Okawaru [......]
Gold:   140        SH:  0    Dex: 13    Spells: 0 memorised, 3 levels left

rFire  . . .     SeeInvis .     l - +0 short sword
rCold  . . .     Gourm    .     c - +0 ring mail
rNeg   . . .     Faith    .     (no shield)
rPois  .         Spirit   .     (no helmet)
rElec  .         Dismiss  .     (no cloak)
rCorr  .         Reflect  .     (no gloves)
SustAt .         Harm     .     (no boots)
MR     .....                    (no amulet)
Stlth  +.........               (no ring)
                                (no ring)

@: not resistant to hostile enchantments, very unstealthy
A: no striking features
a: Renounce Religion


You were on level 1 of the Dungeon.
You worshipped Okawaru.
Okawaru was noncommittal.
You were not hungry.

You visited 1 branch of the dungeon, and saw 2 of its levels.

You collected 140 gold pieces.

Inventory:

Hand Weapons
 b - a +2 blowgun
 l - a +0 short sword (weapon)
Missiles
 e - a curare-tipped needle
 v - 16 poisoned needles
Armour
 c - a +0 ring mail (worn)
Jewellery
 u - an uncursed ring of stealth {unknown}
Scrolls
 h - 2 scrolls of enchant weapon {unknown}
 i - a scroll of enchant armour {unknown}
 m - a scroll of blinking {unknown}
 n - 2 scrolls of identify {unknown}
 p - 3 scrolls of teleportation {unknown}
Potions
 d - a potion of lignification
 g - 2 potions of mutation {unknown}
 j - a potion of heal wounds {unknown}
 o - 2 potions of cure mutation {unknown}
 s - 2 potions of invisibility {unknown}
 t - a potion of might {unknown}
 x - a potion of brilliance {unknown}
Comestibles
 a - a meat ration
 f - a bread ration
 k - 2 slices of pizza
 q - 2 fruits
 r - a beef jerky
 w - a chunk of flesh


   Skills:
 - Level 5.0 Fighting
 + Level 3.7 Short Blades
   Level 1.0 Bows
 - Level 1.0 Throwing
 - Level 1.0 Armour
 - Level 2.0 Stealth


You had 3 spell levels left.
You didn't know any spells.

Dungeon Overview and Level Annotations

Branches:
Dungeon (2/15)

Altars:
Okawaru
Xom


Message History

Some of the chunks of flesh in your inventory have rotted away.
The gnoll barely misses you.
The gnoll hits you from afar with a halberd!
There is an escape hatch in the ceiling, spattered with blood here.
The gnoll barely misses you.
The gnoll hits you from afar with a halberd.
A mysterious force pulls you upwards. The hatch slams shut behind you.
You closely miss the gnoll. The gnoll hits you with a halberd!
You hit the gnoll.
The gnoll is moderately wounded.
You hit the gnoll.
The gnoll is moderately wounded.
The gnoll hits you with a halberd.
You hit the gnoll but do no damage.
The gnoll is moderately wounded.
The gnoll closely misses you.
You hit the gnoll.
The gnoll is heavily wounded.
The gnoll hits you with a halberd!
You die...

#.####.#..###.#.#..# #..##
#######...............#..####)...
........###......)...............
......#.# #.....##....#..#####.#.
......#.# #....................#.
..(...#.# #...........##..####...
......#.###...........###..# ####
......#...............###..######
......###.###.##@................
.................g.......#..##...
......................##.##.##.##
..................###.##.##..#.##
#.#.###...######..# #.##.##..#.##
#.#.# #...# #..# #.##.##..#.##
....# #...# ###..###.##.##....#
#.#.# #...# #.........#.###.^.#
#.#.###...####.#..###..#.###...#


You could see a gnoll.

Vanquished Creatures
  An adder (D:2)
  7 dart slugs
  14 bats
  8 hobgoblins
  3 jackals (D:2)
  A quokka (D:2)
  4 giant newts
  2 goblins
  A kobold (D:2)
  8 rats
49 creatures vanquished.

Notes
Turn   | Place    | Note
--------------------------------------------------------------
     0 | D:1      | GordonOverkill the Human Wanderer began the quest for the Orb.
     0 | D:1      | GordonOverkill set off with: a curare-tipped needle, a +2 blowgun, a +0 ring mail, a potion of lignification, a +0 dagger, a bread ration
     0 | D:1      | Reached XP level 1. HP: 21/21 MP: 1/1
   138 | D:1      | Reached skill level 1 in Short Blades
   184 | D:1      | Reached XP level 2. HP: 26/27 MP: 2/2
   316 | D:1      | Found a shimmering altar of Xom.
   674 | D:1      | Reached XP level 3. HP: 23/33 MP: 3/3
  1580 | D:2      | Reached XP level 4. HP: 39/39 MP: 4/4
  1664 | D:2      | Found an iron altar of Okawaru.
  1672 | D:2      | Became a worshipper of Warmaster Okawaru
  2480 | D:1      | Slain by a gnoll

Skill      XL: |  1  2  3 |
---------------+----------+-----
Short Blades   | 1 2 3 |  3.7
Fighting       | |  5.0
Bows           | |  1.0
Throwing       | |  1.0
Armour         | |  1.0
Stealth        | |  2.0

Action                   |  1- 3 |  4- 6 || total
-------------------------+-------+-------++-------
Melee: Dagger            |   140 |       ||   140
       Short sword       |    62 |    48 ||   110
 Stab: Sleeping          |     1 |       ||     1
  Eat: Chunk             |     2 |     3 ||     5
Armor: Ring mail         |   108 |    19 ||   127
Dodge: Dodged            |   116 |    33 ||   149
